 Dungeon Crawl Stone Soup version 0.31-a0-202-g547052bce9 (webtiles) character file.

Game seed: 11499746802641647192

64 qw the Shooter (level 3, 0/20 HPs)
             Began as a Deep Elf Hunter on June 26, 2023.
             Succumbed to a water moccasin's poison
             ... on level 5 of the Dungeon.
             The game lasted 00:00:41 (1985 turns).

qw the Shooter (Deep Elf Hunter)                    Turns: 1985, Time: 00:00:41

Health: 0/20       AC: 10    Str: 10    XL:     3   Next: 91%
Magic:  5/5        EV: 11    Int: 10    God:
Gold:   10         SH:  0    Dex: 18    Spells: 2/2 levels left

rFire   . . .        Y - +0 shortbow
rCold   . . .        (shield currently unavailable)
rNeg    . . .        k - +0 ring mail
rPois   +            p - +1 helmet of Tokuev {Fly rPois Int-3 Stlth+}
rElec   .            (no cloak)
rCorr   .            (no gloves)
SInv    .            a - +2 pair of boots
Will    .....        (no amulet)
Stlth   ++           (no ring)
HPRegen 0.23/turn    (no ring)
MPRegen 0.09/turn

%: no passive effects
@: lethally poisoned (0 -> -9), about to teleport, flying
A: no striking features
a: no special abilities


You were on level 5 of the Dungeon.
You visited 1 branch of the dungeon, and saw 4 of its levels.

You collected 124 gold pieces.
You spent 114 gold pieces at shops.


   Skills:
 - Level 1.5 Fighting
 + Level 7.3 Ranged Weapons
 - Level 2.4 Dodging
 - Level 1.2 Stealth


You had 2 spell levels left.
You didn't know any spells.
Your spell library was empty.

Inventory:

Hand Weapons
 Y - a +0 shortbow (weapon)
Armour
 a - a +2 pair of boots (worn)
 k - a +0 ring mail (worn)
 p - the +1 helmet of Tokuev (worn) {Fly rPois Int-3 Stlth+}
   (You found it on level 2 of the Dungeon)

   Int:       It affects your intelligence (-3).
   rPois:     It protects you from poison.
   Fly:       It grants you flight.
   Stlth:     It makes you more stealthy.
Jewellery
 n - a ring of fire
Potions
 d - a potion of berserk rage {unknown}
 e - a potion of curing {unknown}
 f - a potion of brilliance {unknown}
 g - a potion of enlightenment {unknown}
 j - a potion of heal wounds {unknown}
 l - 2 potions of degeneration {unknown}

Dungeon Overview and Level Annotations

Branches:
Dungeon (3/15)

Altars:

Shops:
D:2 *


Message History

What level of the Dungeon? (default 1, ? - help)
You see here a +0 dagger.
You see here a +0 robe.
There is a stone staircase leading down here.
You fly downwards.
A sourceless malevolence fills the Dungeon...
You are sucked into a shaft and drop 2 floors!
The shaft crumbles and collapses.
Found a green potion.
Sorry, I don't know how to get there.
Waypoint 2 assigned to D:5.
Found a quarterstaff.
l - 2 green potions (gained 1)
You see here a +0 quarterstaff.
Found a stone staircase leading down.
A water moccasin comes into view.
Found a stone staircase leading up.
You shoot an arrow. The arrow hits the water moccasin.
The water moccasin hisses angrily.
The water moccasin is lightly wounded.
You shoot an arrow. The arrow hits the water moccasin.
The water moccasin is moderately wounded.
You shoot an arrow. The arrow hits the water moccasin.
The water moccasin is heavily wounded.
You shoot an arrow. The arrow hits the water moccasin!
The water moccasin is severely wounded.
The water moccasin bites you.
You are lethally poisoned!
The water moccasin poisons you!
You shoot an arrow.
The arrow barely misses the water moccasin.
You feel very sick. The water moccasin closely misses you.
You shoot an arrow.
The arrow barely misses the water moccasin.
You feel very sick. The water moccasin bites you. x2
1985 ||| READING scroll of teleportation.
As you read the scroll of teleportation, it crumbles to dust.
You feel strangely unstable.
You die...

#..... .#<....
....... ......
#.... ...
#S#############
#>@...........#
#############.#
#.# #.# #.#####
#...).. #######


You could see a water moccasin.

Vanquished Creatures
  A gnoll (D:2)
  An adder (D:2)
  A dart slug (D:2)
  8 ball pythons
  2 endoplasms (D:1)
  A giant cockroach (D:2)
  5 goblins (D:2)
  3 hobgoblins
  4 jackals (D:1)
  2 quokkas
  4 bats
  2 frilled lizards (D:2)
  3 kobolds
  4 rats
41 creatures vanquished.

Notes
Turn   | Place    | Note
-------+----------+-------------------------------------------
     0 | D:1      | qw the Deep Elf Hunter began the quest for the Orb.
     0 | D:1      | Reached XP level 1. HP: 12/12 MP: 3/3
     0 | D:1      | 0 ||| qw: Version: 0.3-a-22-g0ed2b0b
     0 | D:1      | 0 ||| qw: Game counter: 5961
     0 | D:1      | 0 ||| qw: Melee chars always use a shield: true
     0 | D:1      | 0 ||| qw: God list: Okawaru
     0 | D:1      | 0 ||| qw: Allow faded altars: false
     0 | D:1      | 0 ||| qw: Do Orc after clearing Dungeon:15 true
     0 | D:1      | 0 ||| qw: Do second Lair branch before Depths: true
     0 | D:1      | 0 ||| qw: Lair rune preference: random
     0 | D:1      | 0 ||| qw: Goals: Normal
     0 | D:1      | 0 ||| PLANNING D:1-11
   243 | D:1      | 243 ||| Stepping ~*~*~tactically~*~*~ (outnumbered).
   288 | D:1      | Reached skill level 6 in Ranged Weapons
   288 | D:1      | Reached XP level 2. HP: 16/16 MP: 4/4
   893 | D:1      | 893 ||| UPGRADING to +0 scale mail.
   903 | D:1      | 903 ||| DROPPING +0 leather armour.
   904 | D:1      | 904 ||| UPGRADING to +0 ring mail.
   914 | D:1      | 914 ||| DROPPING +0 scale mail.
   915 | D:1      | 915 ||| READING scroll labelled YJOXUJUPUA.
   916 | D:1      | 916 ||| DROPPING scroll of butterflies.
  1070 | D:2      | Reached XP level 3. HP: 20/20 MP: 5/5
  1218 | D:2      | Reached skill level 7 in Ranged Weapons
  1673 | D:2      | Found Zarathum's Assorted Antiques.
  1680 | D:2      | 1680 ||| BUYING opal ring (95 gold).
  1680 | D:2      | Bought an opal ring for 95 gold pieces
  1680 | D:2      | 1680 ||| BUYING scroll labelled LIYGUX KIRUNWUXTO (19
                  | gold).
  1680 | D:2      | Bought a scroll labelled LIYGUX KIRUNWUXTO for 19 gold
                  | pieces
  1680 | D:2      | 1680 ||| SHOPLISTING scroll labelled PIF WEOSHRA (19 gold,
                  | have 10).
  1680 | D:2      | 1680 ||| SHOPLISTING scroll labelled YDUC WOERAGOUNE (19
                  | gold, have 10).
  1680 | D:2      | 1680 ||| SHOPLISTING shiny bronze wand (76 gold, have 10).
  1680 | D:2      | 1680 ||| SHOPLISTING shiny wooden ring (95 gold, have 10).
  1692 | D:2      | Identified the +1 helmet of Tokuev {Fly rPois Int-3 Stlth+}
  1811 | D:2      | 1811 ||| UPGRADING to +2 pair of boots.
  1816 | D:2      | 1816 ||| UPGRADING to +1 helmet of Tokuev {Fly rPois Int-3
                  | Stlth+}.
  1821 | D:2      | 1821 ||| READING 2 scrolls labelled LAT TEFFULUIN.
  1826 | D:2      | 1826 ||| READING scroll labelled PIF WEOSHRA.
  1827 | D:2      | 1827 ||| READING scroll labelled FAUXU MUZOEKE.
  1828 | D:2      | 1828 ||| READING scroll labelled WEUPLO QUIC.
  1866 | D:2      | 1866 ||| READING scroll labelled LIYGUX KIRUNWUXTO.
  1867 | D:2      | 1867 ||| DRINKING 2 black potions.
  1891 | D:2      | 1891 ||| DROPPING potion of lignification.
  1947 | D:3      | You are sucked into a shaft and drop 2 floors!
  1947 | D:5      | Entered Level 5 of the Dungeon
  1978 | D:5      | Noticed a water moccasin
  1984 | D:5      | HP: 3/20 [water moccasin (6)]
  1985 | D:5      | 1985 ||| READING scroll of teleportation.
  1985 | D:5      | Succumbed to a water moccasin's poison

Levels and vault maps discovered:
D:1:      minmay_arrival_stone_box, layout_basic, roderic_lattice_a,
          serial_bayou_pond_d, st_stairs_4
D:2:      layout_loops_ring, serial_forest, infiniplex_forest_clump_double,
          infiniplex_forest_side_room, infiniplex_forest_straight_2,
          infiniplex_forest_join, infiniplex_forest_clump_small,
          infiniplex_forest_lined_corner, infiniplex_forest_straight_2,
          serial_shops, shop, minmay_stone_trees_small,
          hangedman_decor_diamond_cutter, corexii_hall_statues_x,
          minmay_surrounded
D:3:      layout_basic, okawaru_altar_gauntlet_db, minitemple, minmay_bisected
D:5:      old_forge, layout_basic, minmay_misc_feat_plants

Skill      XL: |  1  2  3 |
---------------+----------+-----
Ranged Weapons | 6 7 |  7.3
Fighting       | |  1.5
Dodging        | |  2.4
Stealth        | |  1.2

Action                     || total
---------------------------++-------
   Fire: Shortbow          ||   131
    Use: Scroll            ||     7
         Potion            ||     1
 Armour: Leather armour    ||     6
         Ring mail         ||    20
  Dodge: Dodged            ||    50

Table legend:
 A = Non-vault XP
 B = Vault XP
 C = Vault XP percentage of total XP
 D = Non-vault monster count
 E = Vault monster count
 F = Vault count percentage of total count
                 A         B        C        D         E       F
            +---------+---------+-------+---------+---------+-------
      Total |      69 |      23 |  25.0 |      34 |       7 |  17.1
            +---------+---------+-------+---------+---------+-------
        D:1 |      27 |       2 |   6.9 |      15 |       2 |  11.8
        D:2 |      42 |      21 |  33.3 |      19 |       5 |  20.8
            +---------+---------+-------+---------+---------+-------
